Map: Pillars of Gold LE

Players

Clem - Winner!

  • Race: Terran Terran
  • Spawn Location: 1:00

ShoWTimE

  • Race: Protoss Protoss
  • Spawn Location: 7:00

Event: IEM Katowice 2021

VOD

Have the link to the VOD?

Description

Time

  • Played on: Feb. 22, 2021, 8:32 a.m.
  • Length: 12:45

All games in this series

Show
View Real Time Build Order
Export as new Build Order

Clem Terran - Winner!

Build Orders: Reaper Expand 

Get SALT Encoding   

  12  0:00  SCV  
  13  0:12  SCV  
  14  0:17  Supply Depot  
  14  0:24  SCV  
  15  0:39  SCV, Barracks  
  16  0:45  Refinery  
  16  0:51  SCV  
  17  1:03  SCV  
  18  1:15  SCV  
  19  1:26  Reaper  
  19  1:27  Orbital Command  
  20  1:45  Command Center  
  20  1:52  Supply Depot  
  20  1:55  SCV  
  20  1:59  Marine  
  22  2:07  SCV  
  23  2:13  Factory  
  23  2:18  Bunker  
  23  2:21  SCV  
  24  2:24  Barracks Reactor  
  24  2:34  SCV  
  25  2:38  Refinery  
  25  2:46  SCV  
  26  2:57  Orbital Command  
  26  2:58  SCV, Hellion  
  29  3:01  Marine  
  29  3:03  Marine  
  30  3:07  Starport  
  30  3:10  SCV  
  31  3:19  Widow Mine  
  33  3:21  Marine x2  
  33  3:22  SCV  
  33  3:23  SCV  
  37  3:30  Supply Depot  
  37  3:35  SCV x2  
  37  3:38  Marine  
  37  3:39  Marine  
  41  3:47  SCV x2  
  43  3:49  Medivac  
  43  3:50  Factory Tech Lab  
  43  3:58  Marine x2  
  43  3:59  SCV x2  
  46  4:03  Supply Depot  
  46  4:11  SCV x2  
  46  4:15  Factory Tech Lab  
  46  4:16  Marine x2  
  50  4:17  Barracks  
  50  4:23  SCV  
  51  4:25  Raven  
  51  4:26  Supply Depot  
  51  4:30  Refinery  
  54  4:32  Barracks  
  54  4:34  Marine x2  
  54  4:37  Siege Tank  
  58  4:39  SCV  
  58  4:41  SCV  
  60  4:51  SCV, Marine x2  
  62  4:53  SCV  
  62  4:56  Engineering Bay  
  62  5:03  SCV  
  62  5:05  Supply Depot  
  62  5:06  SCV  
  64  5:13  Marine x2  
  64  5:14  Stimpack, Marine  
  66  5:15  SCV  
  66  5:18  SCV, Supply Depot  
  66  5:20  Factory Reactor  
  69  5:23  Terran Infantry Weapons Level 1  
  69  5:27  SCV  
  69  5:28  Combat Shield  
  70  5:29  Marauder  
  70  5:30  Refinery  
  70  5:32  Supply Depot  
  70  5:34  SCV  
  71  5:37  Marine x2  
  71  5:40  Marauder  
  71  5:41  SCV  
  76  5:45  Starport Reactor  
  76  5:51  Supply Depot  
  76  5:56  Marauder, Marine x2  
  81  5:59  Supply Depot  
  81  6:01  Widow Mine x2  
  84  6:06  Marauder  
  86  6:13  Marine  
  86  6:14  Command Center, Marine  
  86  6:18  Supply Depot  
  88  6:21  Marauder, Supply Depot  
  88  6:24  Medivac  
  92  6:26  Medivac  
  92  6:29  Marauder  
  96  6:34  Widow Mine x2  
  96  6:36  Marine x2  
  102  6:43  Supply Depot  
  102  6:46  Marauder  
  104  6:53  Barracks  
  104  6:54  SCV x2, Barracks  
  104  6:55  Marine x2  
  104  6:59  Marauder  
  110  7:01  Concussive Shells, Supply Depot  
  110  7:05  Medivac  
  112  7:09  Marauder  
  112  7:10  SCV x2  
  112  7:15  Widow Mine  
  117  7:16  Marine x2  
  117  7:22  SCV  
  120  7:24  Supply Depot, Terran Infantry Armor Level 1  
  118  7:30  Marauder  
  118  7:34  Marine  
  118  7:36  SCV  
  117  7:43  Marine x2, Barracks Reactor, Barracks Tech Lab  
  115  7:45  Medivac, SCV  
  115  7:49  Widow Mine  
  113  7:52  Marauder x2, SCV  
  113  7:56  Orbital Command  
  113  7:58  SCV  
  119  8:05  Marine  
  111  8:06  Marauder  
  111  8:10  Marine  
  111  8:16  Marauder x2, SCV x2  
  113  8:21  Marine x2  
  113  8:23  SCV  
  114  8:27  Medivac x2, Marauder  
  114  8:28  SCV  
  114  8:32  Widow Mine x2, Marine  
  114  8:33  Marine  
  127  8:37  Marauder  
  127  8:38  Marauder  
  127  8:40  Marine x2  
  133  8:44  SCV  
  133  8:45  SCV  
  135  8:49  Marauder  
  135  8:54  Marine x2  
  138  8:56  Engineering Bay  
  138  8:59  Marauder, Marine x2, Widow Mine x2  
  138  9:02  Marauder  
  145  9:03  Medivac  
  144  9:10  Marauder  
  144  9:12  SCV, Marine  
  144  9:15  Marine  
  147  9:17  Marine x2  
  147  9:18  SCV  
  147  9:19  Viking  
  147  9:20  Marauder, Armory  
  147  9:21  SCV  
  147  9:23  Marauder  
  152  9:24  SCV  
  152  9:25  Refinery  
  152  9:29  Marine  
  152  9:30  SCV  
  153  9:32  Marauder  
  153  9:35  Missile Turret  
  153  9:36  SCV  
  157  9:39  Refinery  
  157  9:41  Marauder  
  157  9:42  Marine x2  
  160  9:52  Command Center  
  160  9:54  Viking  
  160  9:55  Viking  
  164  10:01  Ghost Academy  
  164  10:07  Marauder  
  164  10:10  Marine x2  
  164  10:11  Marauder  
  165  10:14  Marine x2  
  165  10:15  Supply Depot  
  165  10:16  Terran Infantry Weapons Level 2  
  165  10:20  Terran Infantry Armor Level 2  
  165  10:28  Marauder  
  165  10:30  Viking  
  165  10:35  Supply Depot, Viking, Starport  
  167  10:38  Marine x4  
  167  10:39  Marauder  
  167  10:41  Ghost  
  175  10:49  Ghost  
  169  10:53  Supply Depot  
  169  10:55  Marine  
  169  10:57  Enhanced Shockwaves  
  167  10:59  SCV  
  167  11:00  SCV  
  169  11:07  Viking x2  
  169  11:11  Ghost  
  173  11:14  Viking  
  177  11:19  Ghost  
  177  11:23  Planetary Fortress  
  179  11:27  Marine x2  
  179  11:28  Marine  
  179  11:32  Viking  
  184  11:37  Marine x2  
  186  11:40  Marine  
  186  11:42  Viking  
  186  11:45  Marine  
  186  11:46  Viking  
  192  11:51  Viking  
  192  11:53  Marine x2  
  194  11:59  Missile Turret x2  
  194  12:03  SCV x3  
  194  12:06  Ghost  
  199  12:13  Marine  
  200  12:19  Barracks x2  
  200  12:21  Barracks  
Show
View Real Time Build Order
Export as new Build Order

ShoWTimE Protoss 

Build Orders: 1 Gate Expand, Blink Stalkers, Colossus Rush 

Get SALT Encoding   

  12  0:00  Probe  
  13  0:12  Probe  
  14  0:19  Pylon  
  14  0:24  Probe  
  15  0:37  Probe (Chrono Boost)  
  15  0:40  Gateway  
  16  0:47  Probe (Chrono Boost)  
  16  0:49  Assimilator  
  17  0:52  Probe (Chrono Boost)  
  18  1:04  Probe  
  19  1:16  Probe  
  20  1:27  Cybernetics Core  
  20  1:36  Nexus  
  20  1:44  Pylon  
  20  1:45  Probe  
  21  1:52  Assimilator  
  21  1:57  Probe  
  21  2:00  Adept (Chrono Boost)  
  22  2:08  Shield Battery  
  24  2:11  Probe  
  24  2:14  Warp Gate  
  24  2:23  Stalker (Chrono Boost), Probe  
  27  2:35  Probe  
  28  2:39  Twilight Council  
  28  2:48  Probe (Chrono Boost)  
  28  2:49  Probe (Chrono Boost)  
  30  3:01  Probe (Chrono Boost)  
  32  3:05  Robotics Facility, Probe (Chrono Boost)  
  32  3:08  Probe (Chrono Boost)  
  32  3:12  Probe (Chrono Boost)  
  34  3:15  Probe  
  34  3:19  Gateway  
  35  3:24  Probe  
  36  3:27  Probe  
  36  3:28  Blink (Chrono Boost)  
  37  3:36  Probe  
  37  3:39  Pylon, Probe  
  39  3:48  Probe (Chrono Boost)  
  39  3:51  Probe (Chrono Boost)  
  39  3:54  Observer (Chrono Boost)  
  39  4:02  Assimilator  
  40  4:03  Probe (Chrono Boost)  
  40  4:06  Assimilator, Probe (Chrono Boost)  
  40  4:07  Stalker  
  42  4:10  Probe (Chrono Boost)  
  42  4:13  Probe (Chrono Boost)  
  42  4:15  Robotics Bay  
  44  4:18  Probe  
  44  4:21  Stalker  
  47  4:25  Probe (Chrono Boost)  
  47  4:30  Pylon, Probe (Chrono Boost)  
  49  4:32  Observer  
  51  4:41  Stalker, Probe (Chrono Boost)  
  51  4:42  Probe (Chrono Boost)  
  51  4:45  Pylon  
  54  4:46  Probe (Chrono Boost)  
  54  4:48  Probe  
  56  4:57  Probe  
  56  5:00  Probe  
  56  5:01  Observer  
  58  5:09  Probe  
  58  5:11  Nexus  
  58  5:13  Probe  
  60  5:17  Observer  
  60  5:21  Probe  
  60  5:24  Colossus (Chrono Boost)  
  60  5:27  Probe  
  68  5:33  Probe  
  68  5:35  Observer  
  69  5:38  Forge  
  69  5:39  Observer, Probe  
  69  5:42  Observer  
  70  5:44  Pylon, Charge (Chrono Boost)  
  70  5:50  Extended Thermal Lance  
  70  5:57  Gateway  
  70  6:07  Gateway  
  70  6:08  Gateway  
  70  6:09  Sentry  
  72  6:13  Probe x2  
  72  6:14  Shield Battery  
  72  6:15  Protoss Ground Weapons Level 1 (Chrono Boost)  
  74  6:18  Colossus (Chrono Boost)  
  74  6:22  Probe  
  81  6:25  Probe x2  
  81  6:26  Sentry  
  85  6:33  Stalker  
  85  6:35  Probe  
  85  6:37  Probe  
  85  6:38  Probe  
  87  6:49  Pylon  
  87  6:50  Probe  
  87  6:51  Sentry  
  87  6:52  Zealot  
  87  6:53  Gateway  
  92  6:55  Pylon  
  92  7:03  Pylon  
  92  7:05  Gateway  
  92  7:07  Colossus (Chrono Boost)  
  97  7:08  Zealot  
  97  7:11  Zealot  
  97  7:15  Zealot x2  
  105  7:22  Pylon  
  105  7:24  Zealot  
  105  7:25  Probe  
  105  7:27  Probe  
  105  7:28  Probe  
  105  7:29  Zealot  
  106  7:38  Pylon x2, Probe  
  106  7:40  Zealot x3  
  106  7:43  Probe  
  114  7:46  Templar Archives, Probe  
  114  7:49  Zealot  
  115  7:53  Probe  
  115  7:54  Pylon  
  115  7:55  Probe  
  115  7:58  Warp Prism (Chrono Boost)  
  107  8:07  Zealot x3  
  107  8:12  Probe  
  102  8:19  Probe  
  97  8:20  Assimilator, Protoss Ground Armor Level 1 (Chrono Boost)  
  97  8:22  Probe  
  97  8:25  Assimilator  
  97  8:26  Gateway  
  96  8:27  Gateway  
  96  8:30  Zealot, Sentry x2  
  96  8:31  Zealot  
  104  8:39  Pylon  
  104  8:42  Photon Cannon  
  104  8:43  Pylon  
  104  8:48  Zealot  
  104  8:51  Immortal (Chrono Boost)  
  104  8:52  Zealot x2  
  111  9:00  Zealot x2  
  93  9:10  Zealot  
  93  9:14  Zealot x2  
  93  9:17  Colossus (Chrono Boost)  
  93  9:21  Stalker x3  
  95  9:25  Probe  
  95  9:26  Probe  
  95  9:27  Probe  
  95  9:32  Sentry x2, High Templar  
  95  9:34  High Templar  
  103  9:39  Archon, Photon Cannon  
  103  9:41  Zealot  
  105  9:48  Zealot, High Templar x2  
  111  9:52  Archon, Photon Cannon  
  111  9:55  Stalker x2  
  111  9:57  Pylon  
  115  10:05  Probe  
  116  10:11  Zealot x4  
  116  10:13  Phoenix  
  122  10:15  Immortal (Chrono Boost)  
  122  10:20  Zealot x2  
  122  10:21  Protoss Ground Armor Level 2 (Chrono Boost)  
  130  10:22  Zealot x2  
  134  10:29  Pylon  
  134  10:30  Forge  
  134  10:36  High Templar  
  134  10:37  High Templar  
  138  10:45  Archon  
  127  10:52  Immortal (Chrono Boost)  
  121  11:01  High Templar  
  121  11:02  Zealot x3, High Templar  
  131  11:06  Archon  
  131  11:07  Nexus  
  131  11:09  Pylon  
  131  11:11  Stalker x2  
  131  11:14  Probe x2  
  131  11:15  Probe  
  131  11:18  Zealot  
  140  11:22  Zealot x2  
  142  11:26  Probe  
  142  11:27  Probe  
  142  11:32  Probe  
  145  11:36  Zealot x3, Disruptor (Chrono Boost)  
  145  11:38  Probe  
  145  11:39  Probe  
  152  11:53  High Templar x2  
  156  11:57  Pylon  
  156  11:58  Archon  
  156  11:59  Pylon  
  156  12:00  Nexus  
  156  12:03  Pylon  
  156  12:19  Probe  
  156  12:20  Stalker x6, Probe  
  156  12:31  Zealot x3  

Tags
 
Add a new tag
Caveats
  • Supply blocks, unpowered buildings, or Contaminate may cause inaccurate times.
  • Supply counts are checked every 10 seconds.